 Dungeon Crawl Stone Soup version 0.30-a0-394-g3e4acdb0ae (webtiles) character file.

Game seed: 16027275567769336625

376 Ijustatesigmund the Magician (level 6, -2/34 HPs)
             Began as a Deep Elf Fire Elementalist on Dec 6, 2022.
             Slain by an ogre
             ... wielding a +0 giant club
              (33 damage)
             ... on level 5 of the Dungeon.
             The game lasted 00:08:51 (5137 turns).

Ijustatesigmund the Magician (DEFE)                 Turns: 5137, Time: 00:08:52

Health: -2/34      AC:  7    Str:  5    XL:     6   Next: 44%
Magic:  13/16      EV: 12    Int: 22    God:
Gold:   207        SH:  0    Dex: 15    Spells: 8/15 levels left

rFire   . . .      SeeInvis .    f - +1 rapier
rCold   + . .      Faith    .    (no shield)
rNeg    . . .      Spirit   .    a - +1 robe
rPois   .          Reflect  .    (no helmet)
rElec   .          Harm     .    (no cloak)
rCorr   .          Rampage  .    (no gloves)
Will    .....                    (no boots)
Stlth   ++........               (no amulet)
HPRegen 0.25/turn                r - +4 ring of protection
MPRegen 0.15/turn                l - ring of protection from cold

@: weakened
A: no striking features
a: no special abilities


You were on level 5 of the Dungeon.
You visited 1 branch of the dungeon, and saw 5 of its levels.
You also visited: Sewer.

You collected 207 gold pieces.

Inventory:

Hand Weapons
 f - a +1 rapier (weapon)
Armour
 a - a +1 robe (worn)
Jewellery
 l - a ring of protection from cold (right hand)
 r - a +4 ring of protection (left hand)
 s - a ring of flight
Wands
 i - a wand of flame (16)
Scrolls
 h - 3 scrolls of magic mapping
 m - 2 scrolls of enchant armour
 n - 4 scrolls of teleportation
Potions
 b - a potion of magic
 c - 2 potions of flight
 d - 3 potions of ambrosia
 e - 2 potions of cancellation
 g - a potion of invisibility {unknown}
 j - 2 potions of haste {unknown}
 k - 4 potions of curing {unknown}
 o - a potion of brilliance {unknown}
 p - 2 potions of might {unknown}
Miscellaneous
 q - a box of beasts


   Skills:
 + Level 1.5 Fighting
 + Level 1.2 Short Blades
 - Level 2.4 Dodging
 - Level 2.4 Stealth
 + Level 5.4 Spellcasting
 + Level 3.8 Conjurations
 + Level 5.0 Fire Magic


You had 8 spell levels left.
You knew the following spells:

 Your Spells              Type           Power      Damage    Failure   Level
a - Foxfire               Conj/Fire      100%       2x1d9     1%          1
b - Scorch                Fire           56%        2d8       1%          2
c - Flame Wave            Conj/Fire      25%        2d8       16%         4

Your spell library contained the following spells:

 Spells                   Type           Power      Damage    Failure   Level
 Inner Flame              Hex/Fire       17%        N/A       11%         3
 Kindle Blastsparks       Fire/Tloc/Air  26%        2d12      14%         3


Dungeon Overview and Level Annotations

Branches:
Dungeon (5/15)              Sewer (visited)
 Temple: D:4-7

Altars:
Ashenzari
Wu Jian

Annotations:
D:2 Sigmund


Message History

Found a stone staircase leading down.
There is a stone staircase leading up here.
There are monsters nearby!
Casting: Scorch (safe; 1% risk of failure)
Confirm with . or Enter, or press ? or * to list all spells.
You conjure some foxfire!
The gnoll shouts!
The ogre shouts!
You hear a shout!
The foxfire hits the gnoll.
The gnoll is heavily wounded.
A scorpion comes into view.
An orc comes into view.
It is wielding a +0 hand axe of freezing.
The gnoll bouda gazes fiercely through you!
You feel your attacks grow feeble.
Casting: Foxfire (safe; 1% risk of failure)
Confirm with . or Enter, or press ? or * to list all spells.
You conjure some foxfire!
The orc shouts!
You hear a shout!
You hear an angry growl.
The foxfire hits the howler monkey!
The howler monkey is heavily wounded.
The howler monkey hoots and howls with incredible vigour!
An orc comes into view. It is wielding a +0 dagger.
The gnoll bouda barks out a call to the hunt!
The gnolls pick up the pace!
You hear a shout! x3
The foxfire hits the gnoll.
The gnoll is heavily wounded.
The foxfire hits the gnoll.
You kill the gnoll!
Casting: Foxfire (safe; 1% risk of failure)
Confirm with . or Enter, or press ? or * to list all spells.
Flames lash the ogre.
The ogre is moderately wounded.
The ogre's fire resistance burns away.
A gnoll comes into view. It is wielding a +0 spear.
The gnoll hits you but does no damage.
Unknown command.
The scorpion stings you. The gnoll barely misses you.
The ogre hits you with a +0 giant club!!
Ouch! That really hurt!
You die...

### .. ##.#
#######..######
.(.....@h......
#.....Ogs#####.
#.....g).#
#......o.#
#...?o...#
#[...g...#
#...>.....
........##


You could see an ogre (combustible), a gnoll bouda, a scorpion, a howler monkey,
2 gnolls and 2 orcs.

Vanquished Creatures
  A water moccasin (Sewer)
  A necrophage (D:4)
  An orc priest (D:4)
  Ijyb (D:3)
  4 adders
  2 gnolls
  A worm (D:2)
  A dart slug (D:1)
  7 orcs
  7 endoplasms
  6 giant cockroaches
  10 goblins
  4 hobgoblins
  4 jackals
  7 quokkas
  5 ball pythons
  8 bats
  3 frilled lizards
  8 kobolds
  6 rats
87 creatures vanquished.

Vanquished Creatures (others)
  136 foxfires
136 creatures vanquished.

Grand Total: 223 creatures vanquished

Notes
Turn   | Place    | Note
-------+----------+-------------------------------------------
     0 | D:1      | Ijustatesigmund the Deep Elf Fire Elementalist began the
                  | quest for the Orb.
     0 | D:1      | Reached XP level 1. HP: 10/10 MP: 6/6
    26 | D:1      | You fall into a shaft and drop 1 floor!
    74 | D:2      | Found a faded altar of an unknown god.
   332 | D:2      | Reached XP level 2. HP: 15/15 MP: 4/8
   335 | D:2      | Learned a level 2 spell: Scorch
   789 | D:1      | Reached XP level 3. HP: 19/19 MP: 7/10
  2064 | D:2      | Found an ornate altar of the Wu Jian Council.
  2226 | D:2      | Noticed Sigmund
  2249 | D:3      | Reached XP level 4. HP: 13/24 MP: 7/12
  2353 | D:3      | Found a broken altar of Ashenzari.
  2583 | D:3      | Found a glowing drain.
  2593 | Sewer    | Entered a sewer
  2701 | Sewer    | Learned a level 4 spell: Flame Wave
  2763 | Sewer    | Noticed a water moccasin
  2776 | Sewer    | Killed a water moccasin
  2777 | Sewer    | Reached skill level 1 in Fighting
  2777 | Sewer    | Reached skill level 5 in Spellcasting
  2777 | Sewer    | Reached XP level 5. HP: 23/29 MP: 6/14
  3292 | D:3      | Noticed Ijyb
  3298 | D:3      | Killed Ijyb
  4233 | D:4      | Reached XP level 6. HP: 34/34 MP: 12/15
  4321 | D:4      | Reached skill level 1 in Short Blades
  4570 | D:4      | Reached skill level 5 in Fire Magic
  5130 | D:5      | Entered Level 5 of the Dungeon
  5137 | D:5      | Slain by an ogre

Illustrated notes

Levels and vault maps discovered:
D:1:      dpeg_arrival_oval, layout_basic, chequers_serial_rivers_micro_d,
          grunt_decor_arrowhead, minmay_heptomino_h4
D:2:      layout_basic, basic_altar, hellmonk_ecumenical_altar_zigzags,
          uniq_sigmund
D:3:      layout_loops_ring, lemuel_tele_altar, gup_sewer_entry_pipe,
          moated_statue, kennysheep_minor_cross, grunt_decor_resistance,
          kennysheep_small_spiral, uniq_ijyb
D:4:      layout_basic
D:5:      layout_rooms, minmay_temple_entry_stoned_glass, serial_shops, shop,
          serial_park_tiny_pond, uniq_pikel

Skill      XL: |  1  2  3  4  5  6 |
---------------+-------------------+-----
Conjurations   | 2 3 |  3.8
Spellcasting   | 4 5 |  5.4
Fire Magic     | 4 5 |  5.0
Fighting       | 1 |  1.5
Short Blades   | 1 |  1.2
Dodging        | |  2.4
Stealth        | |  2.4

Action                   |  1- 3 |  4- 6 || total
-------------------------+-------+-------++-------
Melee: Dagger            |    15 |     3 ||    18
 Cast: Foxfire           |    40 |    43 ||    83
       Scorch            |    16 |    27 ||    43
  Use: Scroll            |     3 |    12 ||    15
 Stab: Sleeping          |     1 |       ||     1
Armor: Robe              |    12 |     7 ||    19
Dodge: Dodged            |    27 |    24 ||    51

Table legend: (Time is in decaauts)
 A = Elapsed time spent in this place.
 B = Non-inter-level travel time spent in this place.
 C = Inter-level travel time spent in this place.
 D = Time resting spent in this place.
 E = Time spent auto-exploring this place.
 F = Levels seen in this place.
 G = Mean time per level.
                   A        B        C        D        E       F      G
               +--------+--------+--------+--------+--------+-----+--------+
         Total |   5155 |   4988 |    167 |   1076 |   3266 |   6 |  859.2 |
       Dungeon |   4644 |   4477 |    167 |    721 |   3165 |   5 |  928.8 |
         Sewer |    510 |    510 |      0 |    355 |    100 |   1 |  510.0 |
               +--------+--------+--------+--------+--------+-----+--------+

Top non-repeatable levels by time:
     D:1: 1324 daAuts
     D:3: 1275 daAuts
     D:4: 1119 daAuts
     D:2: 918 daAuts
   Sewer: 510 daAuts
     D:5: 6 daAuts
